 Dungeon Crawl Stone Soup version 0.23.2-1-ga50397a (webtiles) character file.

Game seed: 18028422568407851916

1587 troglodite the Poker (level 8, -3/61 HPs)
             Began as a Demonspawn Skald on May 28, 2019.
             Slain by an orc warrior
             ... wielding a +0 dire flail
              (19 damage)
             ... on level 6 of the Dungeon.
             The game lasted 00:31:26 (7899 turns).

troglodite the Poker (Demonspawn Skald)             Turns: 7899, Time: 00:31:27

Health: -3/61      AC: 13    Str: 13    XL:     8   Next: 61%
Magic:  12/12      EV: 13    Int: 14    God:
Gold:   488        SH:  0    Dex: 17    Spells: 6/13 levels left

rFire    . . .     SeeInvis .   B - +0 trident
rCold    . . .     Gourm    .   (no shield)
rNeg     . . .     Faith    .   b - +1 leather armour
rPois    .         Spirit   .   (no helmet)
rElec    .         Reflect  .   (no cloak)
rCorr    .         Harm     .   n - +0 pair of gloves
MR       .....                  o - +1 pair of boots
Stlth    +++.......             (no amulet)
HPRegen  0.20/turn              j - +3 ring of dexterity
MPRegen  0.13/turn              w - ring of stealth

@: sanguine armour, slowed, very slow
A: claws 2, powered by death 1, sanguine armour 1
a: no special abilities


You were on level 6 of the Dungeon.
You were not hungry.

You visited 1 branch of the dungeon, and saw 6 of its levels.
You also visited: Ossuary.

You collected 488 gold pieces.

Inventory:

Hand Weapons
 B - a +0 trident (weapon)
Armour
 b - a +1 leather armour (worn)
 n - a +0 pair of gloves (worn)
 o - a +1 pair of boots (worn)
Jewellery
 j - a +3 ring of dexterity (left hand)
 w - a ring of stealth (right hand)
Wands
 f - a wand of polymorph (7)
Scrolls
 e - a scroll of amnesia
 m - 2 scrolls of remove curse
 q - 4 scrolls of immolation
 r - a scroll of fear {unknown}
Potions
 c - 2 potions of resistance {unknown}
 g - 2 potions of cancellation {unknown}
 h - 3 potions of degeneration {unknown}
 i - 4 potions of curing
 k - 4 potions of haste
 l - a potion of invisibility {unknown}
 p - 5 potions of might
 s - 3 potions of lignification {unknown}
 t - 2 potions of agility
 u - a potion of flight {unknown}
 x - 2 potions of mutation {unknown}
 z - 2 potions of berserk rage {unknown}
Comestibles
 d - 16 rations


   Skills:
 * Level 4.8 Fighting
 * Level 5.4 Polearms
 * Level 3.9 Armour
 * Level 3.2 Dodging
 + Level 1.1 Stealth
 * Level 3.3 Spellcasting
 * Level 2.3 Hexes
 * Level 4.2 Charms
 * Level 2.3 Necromancy


You had 6 spell levels left.
You knew the following spells:

 Your Spells              Type           Power        Failure   Level  Hunger
a - Infusion              Chrm           ##..         4%          1    #......
b - Spectral Weapon       Hex/Chrm       ##......     21%         3    ###....
c - Regeneration          Chrm/Necr      ##........   21%         3    ###....

Your spell library contained the following spells:

 Spells                   Type           Power        Failure   Level  Hunger
 Song of Slaying          Chrm           ##......     7%          2    ##.....
 Shroud of Golubria       Chrm/Tloc      #.........   16%         2    ##.....


Dungeon Overview and Level Annotations

Branches:
Dungeon (6/15)             Temple (0/1) D:4

Altars:
Dithmenos
Yredelemnul
The Shining One


Innate Abilities, Weirdness & Mutations

You have very sharp fingernails.
You regenerate a little health from kills.
When seriously injured, your bleeding wounds create armour. (AC +6)


Message History

The orc wizard hits you but does no damage.
Something hits you but does no damage. The orc warrior completely misses you.
The bullfrog skeleton hits you.
You barely miss something.
The bullfrog skeleton barely misses you.
Something hits you but does no damage.
The orc wizard hits you but does no damage.
The orc warrior misses you.
The bullfrog skeleton barely misses you.
The orc wizard points at you and mumbles some strange words.
The magic dart hits you but does no damage.
Something hits you but does no damage.
You hit something.
The orc warrior hits you with a +0 dire flail!
* * * LOW HITPOINT WARNING * * *
The bullfrog skeleton closely misses you.
Something hits you but does no damage. The orc wizard misses you.
The bullfrog skeleton misses you.
The orc warrior hits you with a +0 dire flail!!
You die...

...# ##.# ...# #######
......# #####.#
######## #.# #......#
#.# #.....o##### #.#
#....OZ@...# #.#
#....oo###.#######
###.## #......#
#.......# #....#
#......# #.....###
#....# #####'##
#....## #....#
####.####ยง...#
#...)####............#
###.#.....#...<......#
#.#.....#..........#


You could see an orc warrior, an ogre, an orc wizard, an orc and a bullfrog
skeleton.

Vanquished Creatures
  Prince Ribbit (D:5)
  Eustachio (D:5)
  A hungry ghost (D:6)
  2 sky beasts
  An ogre (D:5)
  A centaur (D:5)
  A bullfrog (D:6)
  A centaur zombie (D:5)
  A hound (D:5)
  3 orc priests
  2 orc wizards (D:5)
  Natasha (thrice) (D:4)
  Terence (D:3)
  An iguana (D:5)
  2 worker ants (D:4)
  8 mummies (Ossuary)
  A worker ant zombie (D:6)
  6 adders
  3 adder skeletons
  2 worms
  6 leopard geckos
  19 orcs
  A ball python (D:1)
  5 giant cockroaches
  A gnoll zombie (Ossuary)
  15 goblins
  6 hobgoblins
  6 jackals
  3 quokkas
  6 bats
  4 frilled lizards
  5 hobgoblin zombies (Ossuary)
  5 kobolds
  2 orc zombies (Ossuary)
  27 rats
153 creatures vanquished.

Vanquished Creatures (others)
  2 spectral weapons
2 creatures vanquished.

Grand Total: 155 creatures vanquished

Notes
Turn   | Place    | Note
-------+----------+-------------------------------------------
     0 | D:1      | troglodite the Demonspawn Skald began the quest for the
                  | Orb.
     0 | D:1      | Reached XP level 1. HP: 16/16 MP: 3/3
    65 | D:1      | Reached skill level 1 in Armour
   176 | D:1      | Gained mutation: You have sharp fingernails. [demonic
                  | ancestry]
   176 | D:1      | Reached XP level 2. HP: 20/22 MP: 5/5
   206 | D:1      | Reached skill level 2 in Polearms
  1191 | D:2      | Gained mutation: When seriously injured, your bleeding
                  | wounds create armour. (AC +6) [demonic ancestry]
  1191 | D:2      | Reached XP level 3. HP: 4/27 MP: 4/6
  1971 | D:2      | Gained mutation: You regenerate a little health from kills.
                  | [demonic ancestry]
  1971 | D:2      | Reached XP level 4. HP: 33/34 MP: 7/7
  2597 | D:3      | Noticed Terence
  2613 | D:3      | Killed Terence
  2894 | D:3      | Reached XP level 5. HP: 34/41 MP: 8/8
  2899 | D:3      | Reached skill level 3 in Polearms
  2923 | D:3      | Learned a level 3 spell: Spectral Weapon
  2927 | D:3      | Learned a level 3 spell: Regeneration
  3827 | D:4      | Found a sand-covered staircase.
  3833 | Ossuary  | Entered an ossuary
  4188 | Ossuary  | HP: 1/41 [mummy (6)]
  4366 | Ossuary  | Reached XP level 6. HP: 37/47 MP: 1/9
  4558 | D:4      | Noticed Natasha
  4568 | D:4      | Killed Natasha
  4735 | D:4      | Found a staircase to the Ecumenical Temple.
  5344 | D:4      | Noticed Natasha
  5351 | D:4      | Killed Natasha
  5585 | D:5      | Entered Level 5 of the Dungeon
  5593 | D:5      | Found a shadowy altar of Dithmenos.
  5594 | D:5      | Noticed Eustachio
  5893 | D:4      | Noticed Natasha
  5900 | D:4      | Killed Natasha
  6016 | D:5      | Gained mutation: You have very sharp fingernails. [demonic
                  | ancestry]
  6016 | D:5      | Reached XP level 7. HP: 41/54 MP: 6/10
  6027 | D:5      | Reached skill level 4 in Polearms
  6168 | D:5      | Found a basalt altar of Yredelemnul.
  6171 | D:5      | Noticed a profane servitor
  6184 | D:5      | Found a glowing golden altar of the Shining One.
  6186 | D:5      | Noticed an angel
  6228 | D:5      | Reached skill level 1 in Necromancy
  6421 | D:5      | Reached skill level 1 in Hexes
  6546 | D:5      | HP: 2/55 [something/magic dart (7)]
  6913 | D:5      | Killed Eustachio
  6913 | D:5      | Reached XP level 8. HP: 39/61 MP: 8/12
  7090 | D:5      | Noticed Prince Ribbit
  7489 | D:5      | Killed Prince Ribbit
  7489 | D:5      | Reached skill level 5 in Polearms
  7586 | D:6      | Reached skill level 1 in Stealth
  7899 | D:6      | Slain by an orc warrior

Skill      XL: |  1  2  3  4  5  6  7  8 |
---------------+-------------------------+-----
Armour         | 1 2 3 |  3.9
Polearms       | 2 3 4 5 |  5.4
Charms         | 3 4 |  4.2
Dodging        | 2 3 |  3.2
Fighting       | 3 4 |  4.8
Necromancy     | 1 2 |  2.3
Hexes          | 1 2 |  2.3
Spellcasting   | 3 |  3.3
Stealth        | 1 |  1.1

Action                   |  1- 3 |  4- 6 |  7- 9 || total
-------------------------+-------+-------+-------++-------
Melee: Spear             |   183 |   402 |   217 ||   802
       Unarmed           |       |     3 |       ||     3
       Trident           |       |       |     8 ||     8
 Cast: Infusion          |     4 |    18 |     6 ||    28
       Spectral Weapon   |       |       |     4 ||     4
       Regeneration      |       |       |     1 ||     1
  Use: Potion            |     1 |     3 |     1 ||     5
       Scroll            |       |    12 |     2 ||    14
 Stab: Sleeping          |     3 |     3 |     2 ||     8
  Eat: Chunk             |     3 |    11 |     6 ||    20
       Ration            |       |     1 |     1 ||     2
Armor: Leather armour    |    50 |    84 |    73 ||   207
Dodge: Dodged            |   120 |   215 |   128 ||   463
